AoeStats
← Baladin

Black Forest

509639556Analyzed
4v4 RM · 5d ago on Sep 27, 2026· 51m 33s· 8 players
Game mode
Random Map
Map size
Large (8 player)
Population
200
Speed
Normal
Resources
Standard
Victory
Conquest
Starting age
Dark Age
Ending age
Imperial Age
RankedLock teamsTeams togetherTeam positionsShared explorationLock speedFull tech treeHidden civsTurbo modeCheats
Victory
Defeat
🇳🇱 Saxons · Netherlands
1351
+14
🇫🇷 Dravidians · France
1302
+16
🇨🇳 Italians · China
1302
+16
🇹🇼 Saracens · Taiwan
1296
+16
🇬🇧 Danes · United Kingdom
1346
-17
🇬🇧 Franks · United Kingdom
1303
-16
🇬🇧 Spanish · United Kingdom
1288
-15
🇮🇳 Khmer · India
1262
-14
The Long Dark
0:55 Loom
12:41 Feudal Age
17:06 Castle Age
15:09 Double-Bit Axe
15:32 Stone Mining
17:58 Fishing Lines
19:15 Bow Saw
25:36 Wheelbarrow
25:05 Gillnets
30:36 Imperial Age
29:08 Fletching
29:18 Padded Archer Armor
31:54 Conscription
30:56 Elite Genoese Crossbowman
32:47 Two-Man Saw
31:49 Gold Mining
33:52 Chemistry
33:12 Ballistics
33:30 Bodkin Arrow
33:50 Leather Archer Armor
34:12 Thumb Ring
42:34 Bracer
42:50 Leather Archer Armor
43:01 Treadmill Crane
43:32 Masonry
44:09 Hand Cart
44:53 Ring Archer Armor
50:00 Caravan
50:22 Silk Road
Pumpk1nL0rd
13:12 Feudal Age
15:31 Loom
17:49 Castle Age
20:55 Wheelbarrow
20:05 Town Watch
21:42 Scale Mail Armor
21:52 Forging
21:33 Double-Bit Axe
22:14 Squires
22:00 Arson
22:01 Gambesons
23:11 Fletching
23:22 Padded Archer Armor
23:51 Bodkin Arrow
24:12 Crossbowman
26:08 Thumb Ring
28:30 Bow Saw
32:13 Fishing Lines
32:58 Ballistics
32:20 Treadmill Crane
33:09 Hand Cart
36:06 Fortified Wall
36:07 Masonry
39:11 Imperial Age
39:33 Leather Archer Armor
39:57 Bracer
39:54 Arbalester
41:44 Ring Archer Armor
41:28 Caravan
41:39 Guilds
42:38 Conscription
43:16 Shield Wall
44:32 Hoardings
44:50 Chain Mail Armor
45:10 Iron Casting
43:59 Shield Wall
45:07 Town Patrol
45:12 Elite Varangian Guard
45:37 Arson
45:38 Gambesons
47:02 Plate Mail Armor
Baladin
0:32 Loom
12:31 Feudal Age
18:33 Castle Age
17:31 Double-Bit Axe
23:36 Fletching
31:32 Wheelbarrow
42:20 Imperial Age
40:28 Hand Cart
40:56 Thumb Ring
41:54 Bodkin Arrow
42:49 Ballistics
42:33 Caravan
44:37 Chemistry
43:02 Elite Elephant Archer
45:40 Bracer
45:51 Horse Collar
47:07 Heavy Plow
47:21 Bow Saw
48:15 Elite Skirmisher
49:15 Padded Archer Armor
49:40 Medical Corps
49:56 Conscription
SUSU
5:37 Loom
11:38 Feudal Age
15:38 Castle Age
14:10 Double-Bit Axe
15:10 Fishing Lines
16:54 Bow Saw
17:55 Horse Collar
18:21 Gillnets
21:27 Heavy Plow
26:24 Gold Mining
26:26 Stone Mining
27:19 Wheelbarrow
29:20 Imperial Age
28:09 Scale Barding Armor
28:15 Forging
28:39 Hand Cart
28:10 Town Watch
30:12 Gold Shaft Mining
30:16 Chain Barding Armor
30:32 Iron Casting
29:56 Elite Mameluke
30:57 Conscription
31:03 Counterweights
32:19 Plate Barding Armor
34:38 Blast Furnace
33:48 Siege Engineers
34:11 Bloodlines
34:02 Husbandry
38:18 Onager
42:41 Caravan
42:20 Siege Onager
50:19 Chemistry
49:41 Ballistics
cosmicpixie
0:57 Loom
13:22 Feudal Age
17:27 Castle Age
15:27 Double-Bit Axe
15:24 Horse Collar
20:58 Scale Mail Armor
21:11 Forging
23:26 Arson
27:47 Scale Mail Armor
28:22 Iron Casting
27:35 Gambesons
29:42 Squires
33:10 Bow Saw
34:49 Chain Mail Armor
40:12 Imperial Age
39:01 Fletching
40:52 Wheelbarrow
40:03 Town Watch
40:15 Onager
41:56 Plate Mail Armor
41:54 Conscription
43:16 Siege Onager
45:07 Hand Cart
44:54 Heavy Plow
44:46 Gold Mining
44:46 Stone Mining
46:15 Bodkin Arrow
45:56 Pikeman
49:10 Man-at-Arms
50:01 Bracer
50:23 Long Swordsman
52:17 Blast Furnace
50:54 Two-Handed Swordsman
Lilbalayya
10:35 Feudal Age
15:48 Castle Age
13:51 Double-Bit Axe
14:14 Horse Collar
18:35 Wheelbarrow
19:03 Gold Mining
19:34 Bow Saw
21:08 Heavy Plow
24:48 Imperial Age
25:02 Gold Shaft Mining
25:26 Stone Mining
27:40 Ballistics
28:07 Stone Shaft Mining
30:23 Chemistry
31:20 Conscription
32:38 Crop Rotation
31:59 Capped Ram
33:48 Siege Ram
35:36 Double Crossbow
36:10 Heavy Scorpion
40:59 Siege Engineers
42:50 Hand Cart
44:24 Caravan
45:43 Fletching
45:53 Padded Archer Armor
45:43 Fletching
45:53 Padded Archer Armor
45:43 Fletching
45:25 Elite Skirmisher
46:27 Bodkin Arrow
48:59 Forging
48:54 Scale Barding Armor
48:59 Forging
48:54 Scale Barding Armor
49:25 Light Cavalry
50:16 Bloodlines
50:06 Husbandry
50:16 Bloodlines
50:06 Husbandry
51:50 Leather Archer Armor
Soul Ledger
0:36 Loom
13:13 Feudal Age
14:07 Double-Bit Axe
18:23 Castle Age
19:48 Wheelbarrow
19:51 Bow Saw
30:45 Imperial Age
28:56 Gold Mining
29:36 Caravan
31:16 Gold Shaft Mining
30:46 Husbandry
31:26 Chivalry
31:47 Conscription
30:50 Cavalier
32:07 Scale Barding Armor
32:13 Forging
34:56 Chain Barding Armor
35:12 Iron Casting
40:59 Chemistry
43:20 Pikeman
44:00 Squires
43:46 Arson
44:31 Halberdier
44:57 Gambesons
45:34 Treadmill Crane
47:01 Scale Mail Armor
47:36 Plate Barding Armor
48:02 Blast Furnace
50:17 Ballistics
omnishambles
12:10 Feudal Age
16:58 Castle Age
17:48 Double-Bit Axe
24:41 Gold Mining
28:22 Padded Archer Armor
34:52 Husbandry
35:07 Bloodlines
40:34 Wheelbarrow
42:26 Bow Saw
46:37 Imperial Age
46:15 Loom
47:08 Hand Cart
46:55 Capped Ram
48:09 Elite Conquistador
Connection lost

Rejoining the realm…

Still unreachable

The connection could not be restored.

Session expired

The server has moved on; the page needs a fresh start.